 Dungeon Crawl Stone Soup version 0.25.1-2-g60ff931df9 (webtiles) character file.

Game seed: 11092819866000225226

1095 hawla the Cleaver (level 8, -17/68 (69) HPs)
             Began as a Minotaur Fighter on Oct 19, 2020.
             Demolished by an ogre
             ... wielding a +0 giant club
              (23 damage)
             ... on level 4 of the Dungeon.
             The game lasted 00:07:10 (3104 turns).

hawla the Cleaver (Minotaur Fighter)                Turns: 3104, Time: 00:07:10

HP:   -17/68 (69)   AC:  9    Str: 23    XL:     8   Next: 10%
MP:   7/7           EV: 12    Int:  5    God:
Gold: 182           SH:  0    Dex: 10    Spells: 7/7 levels left

rFire    + . .     SeeInvis .   a - +1 war axe
rCold    + . .     Gourm    .   (no shield)
rNeg     . . .     Faith    .   b - +1 scale mail
rPois    +         Spirit   .   (helmet restricted)
rElec    +         Reflect  .   (no cloak)
rCorr    +         Harm     .   n - +0 pair of gloves
MR       .....                  (no boots)
Stlth    ..........             o - amulet of regeneration
HPRegen  0.61/turn              (no ring)
MPRegen  0.10/turn              (no ring)

@: resistant
A: retaliatory headbutt, horns 2
a: no special abilities


You were on level 4 of the Dungeon.
You were not hungry.

You visited 1 branch of the dungeon, and saw 4 of its levels.

You collected 182 gold pieces.

Inventory:

Hand Weapons
 a - a +1 war axe (weapon)
Missiles
 g - a throwing net
 h - 26 poisoned darts
 k - 5 boomerangs (quivered)
Armour
 b - a +1 scale mail (worn)
 n - a +0 pair of gloves (worn)
Jewellery
 o - an amulet of regeneration (around neck)
Wands
 m - a wand of clouds (5)
Scrolls
 c - a scroll of identify
 d - a scroll of enchant armour
Potions
 i - 3 potions of mutation
 l - 2 potions of degeneration {unknown}
Comestibles
 f - 10 rations
 j - a chunk of flesh


   Skills:
 + Level 5.4 Fighting
 + Level 8.0 Axes
 + Level 0.4 Throwing
 + Level 5.8 Armour
 * Level 5.0 Dodging
   Level 3.6 Shields


You had 7 spell levels left.
You didn't know any spells.
Your spell library was empty.

Dungeon Overview and Level Annotations

Branches:
Dungeon (4/15)
 Temple: D:4-7

Altars:
Qazlal
Uskayaw
Wu Jian
Xom

Annotations:
D:2 1 runed translucent door, Crazy Yiuf


Innate Abilities, Weirdness & Mutations

You reflexively headbutt those who attack you in melee.
You have a pair of horns on your head.


Message History

You barely miss the orc.
The orc is severely wounded.
You hit the ogre. The orc misses you. The ogre hits you but does no damage.
You barely miss the orc. You headbutt the orc, but do no damage.
The orc is severely wounded.
You hit the ogre. The orc barely misses you.
You hit the orc but do no damage.
The orc is severely wounded.
You closely miss the ogre. The ogre hits you with a +0 giant club!
The orc hits you.
You barely miss the orc. You headbutt the orc.
You kill the orc!
You barely miss the ogre. The ogre hits you with a +0 giant club!
* * * LOW HITPOINT WARNING * * *
Things that are here:
a +0 mace; a +0 dagger; an orc corpse It was a potion of resistance.
You feel protected.
The ogre hits you with a +0 giant club!!
You die...

## #.......###
...##...###.#
######......#.# #.#
#....(...##...###.#
##...###.##........###
#(.... .............).
#...####...p...#..###
#####..............#..[..
..?...[O@.##.............
.####..#..###.....##.####
#..#..# ##...###.# #
#..#..# ####.##.# #
#..#..######...#.####
#....................
#..#.##.####...######
#...#.##.#####.## #.#
...........#


You could see an ogre and a neutral freed slave (wandering).

Vanquished Creatures
  Pikel (D:4)
  A necrophage (D:4)
  A scorpion (D:4)
  A crimson imp (D:4)
  A centaur zombie (D:3)
  2 hounds
  2 orc priests
  An iguana (D:4)
  3 orc wizards
  Robin (D:3)
  5 adders
  2 oozes
  3 worms
  3 dart slugs
  A leopard gecko (D:3)
  7 orcs
  7 bats
  2 giant cockroaches
  16 goblins
  11 hobgoblins
  13 kobolds
  2 quokkas (D:3)
  3 ball pythons
  6 frilled lizards
  A jackal skeleton (D:4)
  9 rats
  A fungus (D:1)
106 creatures vanquished.

Vanquished Creatures (others)
  5 dream sheep (D:4)
  An orc priest (D:3)
  An orc (D:4)
7 creatures vanquished.

Grand Total: 113 creatures vanquished

Notes
Turn   | Place    | Note
-------+----------+-------------------------------------------
     0 | D:1      | hawla the Minotaur Fighter began the quest for the Orb.
     0 | D:1      | Reached XP level 1. HP: 19/19 MP: 0/0
   207 | D:1      | Reached XP level 2. HP: 18/27 MP: 1/1
   461 | D:1      | Reached skill level 1 in Dodging
   806 | D:2      | Found a stormy altar of Qazlal.
   828 | D:2      | Reached XP level 3. HP: 33/33 MP: 2/2
   849 | D:2      | Found a runed translucent door.
   850 | D:2      | Noticed Crazy Yiuf
   929 | D:2      | Reached skill level 3 in Axes
  1202 | D:2      | Reached XP level 4. HP: 40/40 MP: 3/3
  1806 | D:3      | Noticed Robin
  1816 | D:3      | Killed Robin
  1819 | D:3      | Reached skill level 4 in Axes
  1985 | D:3      | Reached XP level 5. HP: 46/46 MP: 4/4
  1997 | D:3      | Found a hide-covered altar of Uskayaw.
  2200 | D:3      | Reached skill level 5 in Axes
  2278 | D:3      | Reached XP level 6. HP: 53/53 MP: 5/5
  2331 | D:3      | Found an ornate altar of the Wu Jian Council.
  2641 | D:4      | Noticed a dream sheep
  2641 | D:4      | Noticed a dream sheep
  2641 | D:4      | Noticed a dream sheep
  2641 | D:4      | Noticed a dream sheep
  2641 | D:4      | Noticed a dream sheep
  2641 | D:4      | Found a shimmering altar of Xom.
  2645 | D:4      | Killed a dream sheep
  2646 | D:4      | Killed a dream sheep
  2646 | D:4      | Killed a dream sheep
  2647 | D:4      | Killed a dream sheep
  2648 | D:4      | Killed a dream sheep
  2799 | D:4      | Noticed a slave
  2800 | D:4      | Noticed a slave
  2803 | D:4      | Noticed Pikel
  2804 | D:4      | Noticed a slave
  2814 | D:4      | Killed Pikel
  2814 | D:4      | Reached skill level 5 in Fighting
  2814 | D:4      | Reached skill level 7 in Axes
  2814 | D:4      | Reached skill level 5 in Armour
  2814 | D:4      | Reached XP level 7. HP: 44/61 MP: 6/6
  2996 | D:4      | Reached XP level 8. HP: 67/67 MP: 7/7
  3043 | D:4      | Reached skill level 5 in Dodging
  3089 | D:4      | Reached skill level 8 in Axes
  3104 | D:4      | Demolished by an ogre

Illustrated notes

Levels and vault maps discovered:
D:1:      dpeg_arrival_water_fire, layout_rooms, grunt_decor_resistance
D:2:      layout_basic, nicolae_overflow_hidden_temple, first_ration,
          uniq_crazy_yiuf_cottage
D:3:      layout_basic, lemuel_doored_altar, lemuel_coloured_pillars_altar,
          uniq_robin
D:4:      layout_loops_ring, kb_xom_exploding_sheep, uniq_pikel

Skill      XL: |  1  2  3  4  5  6  7  8 |
---------------+-------------------------+-----
Armour         | 4 5 |  5.8
Dodging        | 1 2 3 4 5 |  5.0
Fighting       | 4 5 |  5.4
Axes           | 3 4 5 7 8 |  8.0
Throwing       | |  0.4
Shields        | |  3.6

Action                   |  1- 3 |  4- 6 |  7- 9 || total
-------------------------+-------+-------+-------++-------
Melee: War axe           |    83 |   112 |    27 ||   222
       Headbutt          |     9 |    23 |     7 ||    39
Throw: Dart              |       |     2 |       ||     2
  Use: Scroll            |       |     8 |       ||     8
       Potion            |       |     2 |     1 ||     3
  Eat: Chunk             |     1 |     5 |     1 ||     7
Armor: Scale mail        |    57 |    57 |     6 ||   120
Dodge: Dodged            |    52 |    61 |    17 ||   130
